 Dungeon Crawl Stone Soup version 0.29.0-4-gdea44cf6ec (webtiles) character file.

Game seed: 13222481333253757205

56 LynnLen the Sneak (level 3, -5/18 HPs)
             Began as a Spriggan Enchanter on Aug 27, 2022.
             Slain by a hobgoblin
             ... wielding a +0 long sword
              (11 damage)
             ... on level 2 of the Dungeon.
             The game lasted 00:04:26 (1723 turns).

LynnLen the Sneak (Spriggan Enchanter)              Turns: 1723, Time: 00:04:27

Health: -5/18      AC:  2    Str:  4    XL:     3   Next: 69%
Magic:  8/8        EV: 16    Int: 18    God:
Gold:   47         SH:  5    Dex: 15    Spells: 6/8 levels left

rFire   . . .      SeeInvis +   a - +1 dagger
rCold   . . .      Faith    .   h - +0 buckler
rNeg    . . .      Spirit   .   b - +0 robe
rPois   .          Reflect  .   (helmet restricted)
rElec   .          Harm     .   (no cloak)
rCorr   .          Rampage  .   (gloves unavailable)
Will    .....                   (boots unavailable)
Stlth   +++.......              (no amulet)
HPRegen 0.06/turn               (no ring)
MPRegen 0.11/turn               (no ring)

@: very quick
A: very small, no large weapons, unfitting armour, see invisible, speed 3
a: no special abilities


You were on level 2 of the Dungeon.
You visited 1 branch of the dungeon, and saw 2 of its levels.

You collected 47 gold pieces.

Inventory:

Hand Weapons
 a - a +1 dagger (weapon)
Armour
 b - a +0 robe (worn)
 h - a +0 buckler (worn)
Jewellery
 f - a ring of flight
Scrolls
 d - a scroll of identify {unknown}
 e - a scroll of poison {unknown}
 j - a scroll of amnesia {unknown}
 k - a scroll of vulnerability {unknown}
Potions
 c - 3 potions of invisibility
 g - a potion of curing {unknown}
 i - a potion of resistance {unknown}
 l - a potion of ambrosia {unknown}


   Skills:
 + Level 1.0 Fighting
 - Level 1.1 Short Blades
 - Level 2.6 Dodging
 + Level 5.1 Stealth
 + Level 0.3 Shields
 + Level 3.3 Spellcasting
 + Level 4.1 Hexes
 + Level 0.7 Ice Magic


You had 6 spell levels left.
You knew the following spells:

 Your Spells              Type           Power      Damage    Failure   Level
a - Ensorcelled Hibernat  Hex/Ice        22%        N/A       19%         2

Your spell library contained the following spells:

 Spells                   Type           Power      Damage    Failure   Level
 Confusing Touch          Hex            17%        N/A       19%         3
 Tukima's Dance           Hex            17%        N/A       19%         3
 Dazzling Flash           Conj/Hex       20%        N/A       41%         3


Dungeon Overview and Level Annotations

Branches:
Dungeon (2/15)

Altars:


Innate Abilities, Weirdness & Mutations

You are very small and have problems with some larger weapons.
You are too small for most types of armour.
You have supernaturally acute eyesight. (SInv)
You cover ground extremely quickly. (Speed+++)


Message History

The endoplasm quivers.
The endoplasm barely misses you.
You hit the endoplasm.
The endoplasm is lightly wounded.
The endoplasm barely misses you.
You barely miss the endoplasm.
The endoplasm is lightly wounded.
The endoplasm completely misses you.
You hit the endoplasm but do no damage.
The endoplasm is lightly wounded.
The endoplasm closely misses you.
You hit the endoplasm.
The endoplasm is heavily wounded.
The endoplasm barely misses you.
You hit the endoplasm but do no damage.
The endoplasm is heavily wounded.
The endoplasm freezes you.
You are frozen.
You hit the endoplasm.
The endoplasm is severely wounded.
The endoplasm closely misses you.
You hit the endoplasm.
You kill the endoplasm!
Your Fighting skill increases to level 1!
You now have 47 gold pieces (gained 7).
A hobgoblin comes into view. It is wielding a +0 long sword.
A hobgoblin is nearby!
Found a scroll labelled ONOJUDW ACZOI.
Found a scroll labelled KAXAUX PUASAO.
The hobgoblin shouts!
The hobgoblin misses you.
You barely miss the hobgoblin.
The hobgoblin hits you with a +0 long sword!
Ouch! That really hurt!
You barely miss the hobgoblin. You block the hobgoblin's attack.
You hit the hobgoblin.
The hobgoblin is almost dead.
The hobgoblin hits you with a +0 long sword!
Ouch! That really hurt!
You die...

#..#...............#
...................#
......#.#..........#
.?....#.#..........# ####
..?................# #...
.........####...#######.#.
.....#.#...#..####.......
.... #..........##.....#. ...
#..@g.............#.
#..............##.....#.
####............#.......
..............#.....#.
#.#........#.........#.
.................##..#.#.###.
.......##.......##....#.# ##
.....## #.......##.##...#
....# #.....##..######


You could see a hobgoblin.

Vanquished Creatures
  Robin (D:2)
  A worm (D:2)
  6 ball pythons
  3 bats
  4 endoplasms
  A giant cockroach (D:2)
  13 goblins
  2 hobgoblins
  2 quokkas (D:1)
  A frilled lizard (D:1)
  2 rats (D:1)
36 creatures vanquished.

Notes
Turn   | Place    | Note
-------+----------+-------------------------------------------
     0 | D:1      | LynnLen the Spriggan Enchanter began the quest for the Orb.
     0 | D:1      | Reached XP level 1. HP: 9/9 MP: 5/5
   170 | D:1      | Found a faded altar of an unknown god.
   449 | D:1      | Reached XP level 2. HP: 8/14 MP: 6/6
   452 | D:1      | Learned a level 2 spell: Ensorcelled Hibernation
  1296 | D:2      | Reached skill level 5 in Stealth
  1352 | D:2      | Noticed Robin
  1386 | D:2      | Reached XP level 3. HP: 17/17 MP: 8/8
  1422 | D:2      | Killed Robin
  1666 | D:2      | Reached skill level 1 in Fighting
  1723 | D:2      | Slain by a hobgoblin

Illustrated notes

Levels and vault maps discovered:
D:1:      dpeg_arrival_connections, layout_loops_cross,
          nicolae_ecumenical_snake_handling
D:2:      layout_rooms, minmay_crystal_room, uniq_robin

Skill      XL: |  1  2  3 |
---------------+----------+-----
Spellcasting   | 3 |  3.3
Hexes          | 4 |  4.1
Stealth        | 5 |  5.1
Fighting       | 1 |  1.0
Short Blades   | |  1.1
Dodging        | |  2.6
Shields        | |  0.3
Ice Magic      | |  0.7

Action                   || total
-------------------------++-------
Melee: Dagger            ||   107
 Cast: Ensorcelled Hiber ||     1
 Stab: Sleeping          ||    10
Armor: Robe              ||     7
Dodge: Dodged            ||    67
Block: Buckler           ||    15
